Map: Lerilak Crest

Players

Grumm - Winner!

  • Race: Protoss Protoss
  • League: Gold

Ghosty

  • Race: Protoss Protoss
  • League: Gold

VOD

Have the link to the VOD?

Description

Time

  • Played on: Jan. 10, 2016, 2:56 a.m.
  • Length: 18:18
Show
View Real Time Build Order
Export as new Build Order

Grumm Protoss - Winner!

Build Orders: Forge Fast Expand (FFE) 

Get SALT Encoding   

  12  0:01  Probe (Chrono Boost)  
  13  0:16  Pylon  
  13  0:19  Probe (Chrono Boost)  
  14  0:35  Forge  
  14  0:38  Probe (Chrono Boost)  
  15  1:09  Nexus  
  15  1:13  Probe (Chrono Boost)  
  16  1:24  Probe (Chrono Boost)  
  17  1:34  Probe (Chrono Boost)  
  17  1:36  Assimilator  
  18  1:45  Gateway, Probe (Chrono Boost)  
  19  1:48  Assimilator  
  19  1:55  Assimilator  
  19  1:57  Probe (Chrono Boost)  
  20  2:17  Photon Cannon  
  20  2:21  Gateway  
  20  2:23  Probe (Chrono Boost)  
  20  2:25  Pylon  
  20  2:27  Probe (Chrono Boost)  
  22  2:42  Pylon  
  22  2:51  Probe x2 (Chrono Boost)  
  24  2:57  Cybernetics Core  
  24  3:01  Probe x2 (Chrono Boost)  
  24  3:02  Protoss Ground Weapons Level 1 (Chrono Boost)  
  25  3:14  Probe  
  25  3:15  Probe  
  27  3:24  Probe  
  28  3:28  Probe  
  29  3:35  Photon Cannon  
  29  3:39  Warp Gate (Chrono Boost)  
  29  3:47  Stargate  
  29  3:51  Stargate  
  29  3:53  Probe  
  30  4:00  Stalker  
  32  4:13  Stalker  
  34  4:17  Probe  
  34  4:21  Mothership Core  
  37  4:43  Protoss Ground Armor Level 1  
  37  4:44  Pylon  
  37  4:55  Pylon  
  37  5:04  Void Ray (Chrono Boost)  
  41  5:07  Probe x2  
  41  5:13  Void Ray (Chrono Boost)  
  47  5:19  Probe x2  
  49  5:30  Pylon  
  49  5:31  Probe  
  49  5:32  Probe  
  51  5:39  Zealot  
  51  5:40  Zealot  
  55  5:49  Nexus  
  55  5:53  Probe x2  
  57  5:57  Protoss Air Weapons Level 1 (Chrono Boost)  
  57  6:17  Probe x2  
  59  6:20  Oracle  
  59  6:21  Oracle  
  65  6:29  Protoss Shields Level 1, Probe  
  66  6:36  Zealot  
  66  6:37  Zealot  
  66  6:52  Probe x2  
  68  6:58  Gateway  
  68  7:02  Pylon  
  68  7:13  Probe, Zealot x2  
  68  7:15  Probe x2  
  75  7:24  Probe  
  75  7:27  Probe x2  
  68  7:48  Zealot x2  
  68  7:51  Void Ray x2 (Chrono Boost)  
  76  8:13  Probe x2  
  76  8:14  Probe  
  76  8:15  Zealot x2  
  83  8:23  Pylon  
  83  8:25  Probe  
  83  8:26  Probe x2  
  83  8:27  Gateway x2  
  86  8:28  Assimilator  
  86  8:29  Zealot  
  86  8:32  Void Ray (Chrono Boost)  
  92  8:38  Probe  
  92  8:41  Probe x2  
  95  8:50  Probe  
  96  9:07  Probe x2  
  96  9:09  Zealot  
  100  9:15  Pylon  
  100  9:17  Pylon, Probe  
  100  9:20  Pylon x2  
  101  9:33  Probe x2  
  101  9:34  Void Ray (Chrono Boost)  
  101  9:36  Void Ray (Chrono Boost)  
  111  9:40  Probe  
  114  9:45  Probe x2  
  114  9:52  Probe  
  115  9:57  Twilight Council, Probe  
  116  10:01  Probe  
  116  10:03  Photon Cannon  
  116  10:04  Probe  
  118  10:11  Void Ray (Chrono Boost)  
  118  10:13  Void Ray (Chrono Boost)  
  126  10:27  Assimilator  
  126  10:28  Assimilator  
  126  10:41  Zealot  
  128  10:43  Void Ray (Chrono Boost)  
  128  10:47  Charge (Chrono Boost)  
  128  10:49  Nexus  
  132  10:52  Protoss Ground Weapons Level 2 (Chrono Boost)  
  132  11:03  Pylon  
  132  11:10  Pylon  
  132  11:15  Void Ray  
  132  11:20  Pylon x2  
  132  11:22  Pylon  
  132  11:24  Pylon  
  136  11:25  Pylon  
  130  11:49  Gateway x2  
  130  11:50  Pylon  
  130  11:53  Probe x3  
  133  11:56  Nexus  
  133  11:58  Zealot  
  133  11:59  Zealot x4  
  143  12:07  Fleet Beacon  
  143  12:08  Void Ray x2  
  143  12:11  Stargate  
  143  12:13  Pylon  
  151  12:33  Assimilator  
  151  12:36  Zealot x5  
  161  12:38  Assimilator  
  161  12:44  Forge  
  161  12:50  Pylon  
  161  12:51  Tempest  
  161  12:52  Tempest  
  161  12:53  Protoss Ground Armor Level 2 (Chrono Boost)  
  169  12:59  Tempest  
  173  13:13  Cybernetics Core  
  173  13:14  Zealot x4  
  173  13:15  Zealot  
  183  13:41  Gateway  
  183  13:43  Gateway  
  183  13:44  Tempest  
  183  13:45  Assimilator  
  183  13:46  Gateway  
  183  13:47  Gateway  
  183  13:48  Pylon  
  183  13:50  Pylon  
  183  13:54  Gateway  
  183  13:55  Gateway  
  187  13:59  Assimilator  
  187  14:04  Robotics Facility  
  187  14:06  Pylon  
  187  14:07  Photon Cannon  
  187  14:09  Pylon  
  187  14:11  Photon Cannon  
  187  14:12  Probe  
  187  14:13  Probe x3  
  187  14:14  Pylon  
  187  14:15  Tempest  
  195  14:36  Photon Cannon  
  195  14:39  Photon Cannon  
  195  14:44  Dark Shrine  
  195  14:47  Tempest  
  199  14:59  Protoss Air Armor Level 1  
  199  15:08  Protoss Air Weapons Level 2  
  199  15:10  Protoss Ground Weapons Level 3 (Chrono Boost)  
  199  15:16  Protoss Ground Armor Level 3 (Chrono Boost)  
  192  15:45  Photon Cannon  
  192  15:47  Photon Cannon  
  192  15:49  Photon Cannon  
  184  15:50  Photon Cannon  
  184  15:53  Photon Cannon  
  184  15:56  Photon Cannon  
  127  17:00  Probe  
  100  17:08  Void Ray x3  
  92  17:10  Stalker  
  92  17:11  Stalker x6  
  92  17:12  Stalker x4  
  92  17:13  Stalker x2  
  118  17:26  Immortal  
  114  17:36  Stalker  
  114  17:37  Stalker x6  
  118  17:38  Stalker x6  
Show
View Real Time Build Order
Export as new Build Order

Ghosty Protoss 

Build Orders:  

Get SALT Encoding   

  12  0:02  Probe (Chrono Boost)  
  13  0:13  Probe (Chrono Boost)  
  14  0:21  Pylon  
  14  0:23  Probe (Chrono Boost)  
  15  0:39  Probe (Chrono Boost)  
  16  0:43  Gateway  
  16  0:47  Assimilator  
  17  0:50  Probe (Chrono Boost)  
  17  1:00  Probe (Chrono Boost)  
  18  1:11  Probe (Chrono Boost)  
  19  1:21  Probe (Chrono Boost)  
  20  1:35  Probe (Chrono Boost)  
  21  1:42  Cybernetics Core  
  21  1:48  Zealot  
  23  1:54  Nexus  
  23  2:01  Pylon  
  23  2:15  Forge  
  23  2:19  Probe (Chrono Boost)  
  23  2:20  Warp Gate (Chrono Boost)  
  24  2:23  Stalker (Chrono Boost)  
  26  2:30  Probe  
  27  2:37  Assimilator  
  27  2:40  Pylon  
  27  2:43  Probe  
  28  3:07  Robotics Facility  
  28  3:09  Protoss Ground Weapons Level 1 (Chrono Boost)  
  28  3:15  Probe x2  
  30  3:27  Probe x2  
  32  3:39  Gateway, Probe x2  
  32  3:40  Gateway  
  34  3:51  Probe x2  
  36  4:08  Probe x2  
  38  4:11  Immortal (Chrono Boost)  
  42  4:20  Probe x2  
  44  4:32  Probe x2  
  46  4:43  Immortal (Chrono Boost)  
  46  4:44  Probe x2  
  52  4:52  Assimilator  
  52  4:55  Protoss Ground Armor Level 1 (Chrono Boost)  
  52  4:56  Probe  
  52  4:57  Assimilator  
  53  5:04  Probe  
  54  5:08  Pylon x2  
  54  5:12  Gateway  
  54  5:23  Immortal  
  54  5:24  Pylon  
  54  5:25  Pylon  
  54  5:26  Probe x2  
  60  5:38  Mothership Core, Pylon  
  60  5:40  Stalker  
  60  5:41  Stalker x2  
  68  5:51  Pylon  
  68  5:58  Immortal  
  72  6:11  Stalker x3  
  74  6:12  Stalker  
  80  6:32  Warp Prism  
  80  6:53  Stalker x2  
  80  6:54  Stalker x2  
  88  7:03  Protoss Shields Level 1 (Chrono Boost)  
  88  7:13  Nexus  
  78  7:50  Stalker x4  
  70  7:59  Photon Cannon  
  70  8:04  Photon Cannon  
  70  8:14  Pylon  
  70  8:15  Pylon  
  70  8:18  Stalker x4  
  70  8:19  Pylon  
  78  8:27  Pylon  
  78  8:45  Pylon  
  71  9:13  Photon Cannon  
  71  9:50  Observer  
  72  10:03  Probe  
  72  10:05  Probe x2  
  75  10:17  Probe x2  
  77  10:30  Probe  
  77  10:32  Probe x2  
  77  10:35  Photon Cannon  
  80  10:38  Photon Cannon  
  80  10:41  Probe  
  80  10:44  Probe x2  
  83  10:56  Probe  
  84  11:04  Twilight Council  
  84  11:07  Forge  
  84  11:14  Stargate  
  84  11:17  Stargate  
  84  11:30  Probe  
  84  11:32  Probe x2  
  87  11:36  Photon Cannon  
  87  11:44  Probe x2  
  87  11:47  Probe  
  88  11:56  Probe x2  
  88  11:58  Probe  
  91  12:05  Assimilator  
  91  12:08  Probe x3  
  93  12:09  Protoss Shields Level 2 (Chrono Boost)  
  93  12:10  Assimilator  
  94  12:15  Nexus  
  94  12:16  Protoss Air Armor Level 1 (Chrono Boost)  
  94  12:25  Probe x2  
  96  12:31  Probe  
  97  13:04  Void Ray  
  97  13:05  Void Ray  
  105  13:13  Cybernetics Core  
  105  13:17  Stargate  
  105  13:21  Protoss Ground Weapons Level 2  
  105  13:29  Probe x2  
  105  13:30  Probe x2  
  109  13:40  Probe x2  
  109  13:42  Probe  
  109  13:43  Probe  
  109  13:46  Assimilator  
  113  13:48  Zealot  
  113  13:49  Assimilator  
  113  13:50  Probe x2  
  113  13:54  Void Ray, Probe  
  113  13:55  Probe  
  123  14:01  Void Ray, Probe  
  128  14:07  Void Ray, Probe  
  133  14:30  Fleet Beacon  
  133  14:36  Protoss Air Weapons Level 1 (Chrono Boost)  
  133  14:37  Void Ray  
  137  14:44  Void Ray  
  140  14:50  Void Ray  
  144  15:08  Pylon x2  
  144  15:10  Pylon  
  144  15:29  Zealot x2  
  144  15:30  Zealot x2  
  152  15:47  Void Ray x2 (Chrono Boost)  
  93  17:07  Stalker x3  
  81  17:54  Nexus  
  70  17:59  Stalker x3  
Tags
 
Add a new tag
Caveats
  • Supply blocks, unpowered buildings, or Contaminate may cause inaccurate times.
  • Supply counts are checked every 10 seconds.